 Dungeon Crawl Stone Soup version 0.28-a0-1524-ge72afd5fc6 (webtiles) character file.

Game seed: 3510506904686112024

28 psuckher the Sneak (level 3, -23/30 HPs)
             Began as a Barachi Delver on Jan 17, 2022.
             Was an Initiate of Hepliaklqana.
             Killed from afar by Ijyb (36 damage)
             ... with a bolt of acid
             ... on level 5 of the Dungeon.
             The game lasted 00:01:05 (69 turns).

psuckher the Sneak (Barachi Delver)                   Turns: 69, Time: 00:01:05

Health: -23/30     AC:  3    Str: 15    XL:     3   Next: 12%
Magic:  3/3        EV: 12    Int: 10    God:    Hepliaklqana [......]
Gold:   0          SH:  0    Dex: 13    Spells: 2/2 levels left

rFire   . . .      SeeInvis .   a - +0 falchion
rCold   . . .      Faith    .   (no shield)
rNeg    . . .      Spirit   .   b - +0 leather armour
rPois   .          Reflect  .   (no helmet)
rElec   .          Harm     .   (no cloak)
rCorr   .          Rampage  .   (no gloves)
Will    .....                   (no boots)
Stlth   +++.......              (no amulet)
HPRegen 0.10/turn               (no ring)
MPRegen 0.08/turn               (no ring)

@: slow
A: amphibious, slowness 1, strong legs 1, +LOS
a: Hop, Renounce Religion


You were on level 5 of the Dungeon.
You worshipped Hepliaklqana.
Hepliaklqana was noncommittal.
You visited 1 branch of the dungeon, and saw 1 of its levels.

Inventory:

Hand Weapons
 a - a +0 falchion (weapon)
Armour
 b - a +0 leather armour (worn)
Wands
 g - a wand of digging (3)
Scrolls
 c - a scroll of fog
 d - a scroll of magic mapping
 e - a scroll of fear
Potions
 f - a potion of haste


   Skills:
 + Level 3.9 Fighting
 + Level 2.7 Long Blades
 + Level 0.1 Armour
 + Level 2.2 Dodging
 + Level 5.1 Stealth


You had 2 spell levels left.
You didn't know any spells.
Your spell library contained the following spells:

 Spells                   Type           Power      Damage    Failure   Level
 Corpse Rot               Necr/Air       0%         N/A       56%         2
 Poisonous Vapours        Pois/Air       0%         N/A       56%         2
 Swiftness                Air            0%         N/A       80%         3


Dungeon Overview and Level Annotations

Branches:
Dungeon (5/15)
 Temple: D:4-7

Altars:
Hepliaklqana

Annotations:
D:5 Ijyb


Innate Abilities, Weirdness & Mutations

You are amphibious.
You cover ground slowly.
You can hop short distances.
You have an extended range of vision and can be seen from far away.


Message History

The bullfrog skeleton hits you.
You hit the bullfrog skeleton.
The bullfrog skeleton is heavily damaged.
The bullfrog skeleton hits you.
* * * LOW HITPOINT WARNING * * *
The bullfrog skeleton hits you.
* * * LOW HITPOINT WARNING * * *
You hit the bullfrog skeleton.
The bullfrog skeleton is heavily damaged.
The bullfrog skeleton hits you but does no damage.
You hit the bullfrog skeleton.
The bullfrog skeleton is severely damaged.
The bullfrog skeleton closely misses you.
The bullfrog skeleton barely misses you.
You hit the bullfrog skeleton.
The bullfrog skeleton is almost destroyed.
The bullfrog skeleton misses you.
You slash the bullfrog skeleton!
You destroy the bullfrog skeleton!
Your Stealth skill increases to level 5!
You have reached level 2!
You have reached level 3!
Your experience leads to an increase in your attributes!
Increase (S)trength, (I)ntelligence, or (D)exterity?
You feel stronger. x2
There is a stone staircase leading down here.
There is a stone staircase leading down here.
There is a stone staircase leading down here.
There is a stone staircase leading down here.
There is a stone staircase leading down here.
You pick up the Collected Works on Air and begin reading...
You add the spells Corpse Rot, Poisonous Vapours and Swiftness to your library.
Found a fizzy coppery potion.
Ijyb shouts!
There is a hazy altar of Hepliaklqana here.
You kneel at the altar of Hepliaklqana.
Hepliaklqana welcomes you!
Ijyb zaps a wand.
The bolt of acid hits you!!!
Ouch! That really hurt!
You die...

#.....!..+
#........# ..
##........##..
#..§§...§§....
#.≈§≈≈≈≈≈§§§#
#.≈§§§..§§≈§###
#.≈.≈≈≈≈≈§≈§...
#...≈...≈.§.#..
#.≈.≈.@.≈.≈g...
#§§§≈...≈.≈....
#.§§≈≈≈≈..≈...#
####.§§..(.§§≈....
#....≈≈§≈≈≈§§≈§#..
#.##.......§§..# .
#.##...##.##..##
#.##...>..# #..$.
#.####.#### #####


You could see Ijyb.

Vanquished Creatures
  A bullfrog skeleton (D:5)
1 creature vanquished.

Notes
Turn   | Place    | Note
-------+----------+-------------------------------------------
     0 | D:5      | psuckher the Barachi Delver began the quest for the Orb.
     0 | D:5      | Reached XP level 1. HP: 18/18 MP: 1/1
     0 | D:5      | Found a hazy altar of Hepliaklqana.
     2 | D:5      | Noticed Ijyb
    18 | D:5      | Reached skill level 5 in Stealth
    18 | D:5      | Reached XP level 2. HP: 5/25 MP: 2/2
    18 | D:5      | Reached XP level 3. HP: 7/30 MP: 3/3
    52 | D:5      | Got the Collected Works on Air
    69 | D:5      | Became a worshipper of Hepliaklqana the Forgotten
    69 | D:5      | Killed from afar by Ijyb

Illustrated notes

Levels and vault maps discovered:
D:5:      layout_basic, mainiacjoe_overflow_concentric_impassable,
          minmay_temple_entry_drinking_statues, uniq_ijyb

Skill      XL: |  1 |
---------------+----+-----
Stealth        | 5 |  5.1
Fighting       | |  3.9
Long Blades    | |  2.7
Armour         | |  0.1
Dodging        | |  2.2

Action                   || total
-------------------------++-------
Melee: Falchion          ||     9
Armor: Leather armour    ||     1
Dodge: Dodged            ||     6

Table legend: (Time is in decaauts)
 A = Elapsed time spent in this place.
 B = Non-inter-level travel time spent in this place.
 C = Inter-level travel time spent in this place.
 D = Time resting spent in this place.
 E = Time spent auto-exploring this place.
 F = Levels seen in this place.
 G = Mean time per level.
                   A        B        C        D        E       F      G
               +--------+--------+--------+--------+--------+-----+--------+
         Total |     82 |     79 |      3 |      0 |      0 |   1 |   82.0 |
       Dungeon |     82 |     79 |      3 |      0 |      0 |   1 |   82.0 |
               +--------+--------+--------+--------+--------+-----+--------+

Top non-repeatable levels by time:
     D:5: 82 daAuts
